[Event "Superbet Rapid Poland 2022"]
[Site "Warsaw"]
[Date "2022.05.21"]
[Round "8.1"]
[White "Korobov, Anton"]
[Black "Wojtaszek, Radoslaw"]
[Result "0-1"]
[ECO "B92"]
[WhiteElo "2671"]
[BlackElo "2696"]
[Annotator "TA"]
[PlyCount "104"]
[EventDate "2022.05.19"]
[EventType "tourn"]
[EventCountry "POL"]
[SourceTitle "playchess.com"]
[Source "ChessBase"]
[SourceQuality "1"]
[TimeControl "1500+10"]

1. e4 c5 2. Nf3 d6 3. d4 cxd4 4. Nxd4 Nf6 5. Nc3 a6 6. Be2 e5 7. Nb3 Be7 8. O-O O-O 9. Kh1 Nc6 10. f4 b5 {[%emt 0:00:16] B92: Sicilian Najdorf: 6 Be2.} 11. Bf3 Bb7 12. Qe1 (12. Nd5 $11) 12... Nd4 {[%emt 0:03:01] Black is slightly better.} 13. Nxd4 exd4 14. Nd1 {[%emt 0:00:20] [#]} (14. Ne2 $15) 14... Re8 $146 ({Predecessor:} 14... Qc7 15. c3 dxc3 16. Nxc3 Rfe8 17. Be3 b4 18. Na4 Bxe4 19. Bxe4 Nxe4 20. Qxb4 d5 {0-1 (38) Adamczyk,W (1539)-Blanco Gramajo,C (2547) Chessfriend.com 2003}) 15. Nf2 Bf8 $1 16. Qd1 Nxe4 17. Qxd4 d5 {[%emt 0:00:03] White must now prevent ...Bc5.} 18. Nd3 {[%emt 0:01:39] Inhibits Bc5.} Rc8 19. c3 Qh4 20. Kg1 Nc5 (20... Rc4 $15 21. Qa7 Qe7) 21. Nf2 (21. Bd2 $11 {keeps the balance.}) 21... Ne6 22. Qd2 Bc5 23. Kh1 Bd6 {[%emt 0:02:11][%cal Rd6f4] Black is more active.} 24. Nd3 (24. Qd1 $17) 24... Ng5 $1 $19 25. Ne1 {[%emt 0:03:22] [#]} (25. Qd1 $142) 25... Bxf4 $2 26. Qxf4 $17 Rxe1 $40 {[%emt 0:00:02][%cal Re1f1][%mdl 128] Black attacks with force.} 27. Be3 (27. Kg1 $17 {was called for.} Rxf1+ 28. Kxf1 Nxf3 29. Qxf3) 27... Qxf4 {[%emt 0:01:15] Dancing on a razor blade.} 28. Bxf4 {[%emt 0:00:02] [#] This bishop pair is nice.} Rxa1 29. Rxa1 Nxf3 30. gxf3 $19 {[%emt 0:00:02][%mdl 4096] Endgame KRB-KRB} d4 $1 31. cxd4 Bxf3+ 32. Kg1 {[%emt 0:00:01] [#]} Rc2 $1 33. d5 (33. b4 $17) 33... g5 ({Worse is} 33... Bxd5 34. Rd1 g5 35. Be5 $17) 34. Be5 Rc5 ({Inferior is} 34... Bxd5 35. Rd1 f6 36. Bxf6 $17) 35. Re1 Rxd5 36. Bc3 h6 37. Kf2 Bg4 38. Re8+ Kh7 39. a3 Be6 40. Bb4 Rf5+ 41. Ke3 g4 42. Ra8 Rf3+ 43. Ke4 Rf2 44. Bd6 Re2+ ({Avoid the trap} 44... Rxb2 $2 45. Rxa6 h5 46. a4 $19) 45. Kd3 Rxb2 46. Rxa6 h5 47. Ke3 h4 {[%emt 0:00:14][%cal Og4g3] Inhibits Bg3.} 48. Ra8 Rb3+ 49. Kd4 $2 (49. Ke4) 49... g3 50. hxg3 hxg3 {[%emt 0:00:11] Hoping for ...g2.} 51. Be5 f6 52. Bf4 (52. Bxg3 $142 Rxg3 53. Ra6) 52... g2 {[%emt 0:00:21] Weighted Error Value: White=0.45/Black=0.11 (very precise)} 0-1

[Event "Superbet Rapid Poland 2022"]
[Site "Warsaw"]
[Date "2022.05.21"]
[Round "8.2"]
[White "So, Wesley"]
[Black "Rapport, Richard"]
[Result "1-0"]
[ECO "E94"]
[WhiteElo "2766"]
[BlackElo "2776"]
[Annotator "TA"]
[PlyCount "97"]
[EventDate "2022.05.19"]
[EventType "tourn"]
[EventCountry "POL"]
[SourceTitle "playchess.com"]
[Source "ChessBase"]
[SourceQuality "1"]
[TimeControl "1500+10"]

1. d4 Nf6 2. c4 g6 3. Nc3 Bg7 4. e4 d6 5. Nf3 O-O 6. Be2 e5 7. O-O Na6 8. Be3 c6 9. d5 Ng4 10. Bg5 f6 11. Bd2 f5 {[%emt 0:00:06] E94: King's Indian: Classical: 6 Be2 e5 7 0-0: Various Black 7th moves.} 12. a3 $5 {[%emt 0:02:18][%mdl 4] [#] Leaves trodden paths.} f4 $146 ({Predecessor:} 12... Nf6 13. b4 c5 14. Rb1 h6 15. Nh4 Nxe4 16. Nxe4 Qxh4 17. Nxd6 Rd8 18. Nxc8 Raxc8 19. Qa4 {0-1 (44) Shen,Y (2413)-Huang,Q (2465) Khanty-Mansiysk 2012}) 13. dxc6 bxc6 {[%emt 0:00:02] White is slightly better.} 14. b4 Nc7 15. Rc1 Kh8 16. Rc2 Nh6 17. Bc1 Nf7 18. Rd2 Qe7 19. Qa4 Bd7 20. Rfd1 Rfd8 21. Qa5 Ne6 22. a4 (22. Bb2 $11) 22... g5 $15 23. h3 h5 (23... Nd4 $1 $17 24. Nxd4 exd4 25. Rxd4 Bxd4 26. Rxd4 Qe5 27. Qxe5+ dxe5) 24. Nh2 $11 Nd4 25. Bxh5 Nb3 26. Qa6 Rdb8 {[%emt 0:01:11] Strongly threatening ...Rb6.} 27. Rb2 (27. c5 $1 $11 {keeps the balance.}) 27... Rxb4 $17 28. c5 Nxc5 29. Qe2 a5 (29... Nxa4 $6 30. Nxa4 Rxa4 31. Bxf7 Qxf7 32. Rb7 $11) 30. Bg6 Nh6 ({Much worse is} 30... Nxa4 $6 31. Qh5+ Kg8 32. Nxa4 Rxa4 33. Bd2 $11 (33. Rb7 Nd8 $15)) (30... Be6 $17 31. Qh5+ Kg8 32. Qh7+ Kf8) 31. Qh5 $15 Nb3 {[%emt 0:01:05] Against Rbd2} (31... Nxa4 32. Nxa4 Rxa4 33. Rb7 $16) ({Black should play} 31... Kg8 $15 32. Rbd2 Rc4) 32. Rb1 Nd4 33. Ba3 Rc4 (33... Rbb8 $15 {keeps the upper hand.}) 34. Ne2 $1 $16 Rxa4 (34... Be8 $1 $14 35. Nxd4 exd4) 35. Nxd4 exd4 (35... Rxa3 $2 36. Ndf3 Kg8 37. Nxg5 $18) 36. Bb2 {[%emt 0:00:11] White is more active.} (36. Rd3 $1 $14) 36... c5 $15 37. Nf3 g4 38. Ng5 Rf8 {[%emt 0:00:44] Against Nf7+} 39. Nh7 (39. Bc1 $15) 39... gxh3 $1 $17 {[%emt 0:03:20] aiming for ...Bg4.} 40. Nxf8 {[%emt 0:00:32] [#]} (40. f3 {is a better defense.}) 40... Bg4 $1 $19 41. Qd5 Bxf8 ({Black should try} 41... Bxd1 $19 42. Rxd1 Bxf8 43. gxh3 Qe5) 42. Bxd4+ $2 cxd4 43. Rb7 Qe6 ({Inferior is} 43... Bxd1 44. Rxe7 Bxe7 45. gxh3 $17) (43... Bd7 $19 44. gxh3 Qe6) 44. Qg5 $2 (44. Rh7+ Kg8 {[#]} 45. Qg5 $1) 44... Qe5 $2 {[%emt 0:01:07] [#]} (44... Qg8 45. Rdb1 Rb4 46. R1xb4 axb4) 45. Qd8 $1 $18 Qg7 (45... h2+ 46. Kxh2) 46. Rxg7 Kxg7 {[%emt 0:00:01] [#]} 47. Rc1 $1 {[%emt 0:00:04] White wants to mate with Qg5.} d3 (47... Be6 48. Qg5) 48. Be8 (48. Qg5 $142 Ra1 49. Rxa1 Bd7 50. Bf5+ Kf7 51. Bxd7 d2 52. Qxf4+ Ke7 53. Bxh3) 48... Nf7 49. Qc7 {[%emt 0:00:06] Weighted Error Value: White=0.44/Black=0.48} (49. Rc7 $142 Ra1+ 50. Kh2 Bh5 51. Qg5+ Kh8 52. Rxf7 Bxf7 53. Bxf7 Rh1+ 54. Kxh1 hxg2+ 55. Kg1 Kh7 56. Qg8+ Kh6 57. Qg6#) 1-0

[Event "Superbet Rapid Poland 2022"]
[Site "Warsaw"]
[Date "2022.05.21"]
[Round "8.3"]
[White "Anand, Viswanathan"]
[Black "Caruana, Fabiano"]
[Result "1/2-1/2"]
[ECO "C42"]
[WhiteElo "2751"]
[BlackElo "2786"]
[Annotator "TA"]
[PlyCount "53"]
[EventDate "2022.05.19"]
[EventType "tourn"]
[EventCountry "POL"]
[SourceTitle "playchess.com"]
[Source "ChessBase"]
[SourceQuality "1"]
[TimeControl "1500+10"]

1. e4 e5 2. Nf3 Nf6 3. Nxe5 d6 4. Nf3 Nxe4 5. d4 d5 6. Bd3 Bf5 7. O-O Be7 8. Re1 O-O 9. Nbd2 $1 {[%emt 0:00:06][%cal Rd2e4][%mdl 4] is recently more successful than 9.c4. C42: Petroff Defence: 3 Nxe5 and unusual White 3rd moves.} Nd6 $1 10. Nf1 c6 11. Bf4 {[%emt 0:00:06] [#] Black must now prevent Bxd6.} Bxd3 12. Qxd3 Na6 13. Re2 Nc7 14. Rae1 Ne6 15. Bxd6 Bxd6 16. g3 {[%emt 0:00:04] Against Nf4} Qd7 17. Ne3 Rae8 {[%emt 0:00:46] [#]} 18. Nf5 $146 ({Predecessor:} 18. b3 Nc7 19. c4 Bb4 20. Ra1 f6 21. a3 Be7 22. Rae1 Bd8 23. Kg2 {½-½ (31) Anand,V (2767)-Yu,Y (2738) Stavanger 2019}) 18... Bc7 (18... g6 $5 19. Nxd6 Qxd6 $11) 19. c3 g6 {[%emt 0:02:34] The position is equal.} 20. N5h4 f6 21. Nxg6 hxg6 {[%emt 0:00:02] [#]} 22. Rxe6 $1 Rxe6 23. Qxg6+ Kh8 {[%emt 0:00:02] aiming for ...Rxe1+.} 24. Qh6+ Kg8 25. Qg6+ Kh8 {[%emt 0:00:01] Strongly threatening ...Rxe1+.} 26. Qh6+ Kg8 {[%emt 0:00:01] ...Rxe1+ is the strong threat.} 27. Qg6+ {[%emt 0:00:03] An interesting draw.  Weighted Error Value: White=0.03 (flawless) /Black=0.01 (flawless)} 1/2-1/2

[Event "Superbet Rapid Poland 2022"]
[Site "Warsaw"]
[Date "2022.05.21"]
[Round "8.4"]
[White "Shevchenko, Kirill"]
[Black "Gavrilescu, David"]
[Result "1-0"]
[ECO "C00"]
[WhiteElo "2644"]
[BlackElo "2518"]
[Annotator "TA"]
[PlyCount "141"]
[EventDate "2022.05.19"]
[EventType "tourn"]
[EventCountry "POL"]
[SourceTitle "playchess.com"]
[Source "ChessBase"]
[SourceQuality "1"]
[TimeControl "1500+10"]

1. Nf3 d5 2. g3 Nf6 3. Bg2 e6 4. O-O Be7 5. d3 O-O 6. Nbd2 c5 7. e4 Nc6 8. Re1 Qc7 9. e5 Nd7 10. Qe2 b5 11. Nf1 Bb7 12. h4 Rfc8 {[%emt 0:00:12] C00: French: Unusual White 2nd moves.} 13. Bf4 a5 14. N1h2 {[%emt 0:06:59] 14.h5 deserves study.} h6 {[%emt 0:01:23] Black is slightly better.} 15. Ng4 Bf8 16. Qd2 Qd8 {[%emt 0:00:05] [#]} 17. Rad1 $146 ({Predecessor:} 17. h5 Kh7 18. Nh4 Ne7 19. c4 Qb6 20. Bxh6 gxh6 21. Qf4 Kg8 22. Nxh6+ Bxh6 23. Qxh6 bxc4 {1-0 (36) Greger,R (2277)-Brondt,N (2217) Denmark 2021}) 17... b4 18. c4 bxc3 19. bxc3 a4 20. c4 Ne7 21. h5 (21. Bxh6 $11 gxh6 22. Nxh6+ Bxh6 23. Qxh6) 21... Rcb8 22. Re2 (22. Qe2 $142) 22... a3 $17 23. Qc1 Bc6 24. Ngh2 (24. Rde1 $17) 24... Rb4 $19 25. g4 Nb6 26. g5 dxc4 27. d4 (27. dxc4 Rxc4 28. Rxd8 Rxc1+ 29. Bxc1 Rxd8 30. gxh6) 27... Rb2 28. Rxb2 axb2 29. Qxb2 Nbd5 30. Qc1 Rxa2 $2 (30... c3 $19 {is more deadly.} 31. gxh6 gxh6 32. Bxh6 Bxh6 33. Qxh6 Nf5) 31. gxh6 $17 gxh6 32. Ng4 $1 Nf5 {[%emt 0:00:02] And now ...c3 would win.} (32... c3 $5 33. Bxh6 (33. Nxh6+ $2 Bxh6 34. Bxh6 Nf5 $19) 33... Nf5 $17) 33. Bxh6 Ba4 34. Bg5 Qa5 35. Re1 (35. Rd2 Bb5 36. Rxa2 Qxa2 37. Nf6+ Nxf6 38. Bxf6 Bc6) 35... Rc2 36. Qa1 cxd4 37. Nf6+ $2 (37. Rb1 $11 c3 38. Rb8) 37... Nxf6 $19 38. Bxf6 d3 39. Re4 d2 $2 (39... Bh6 $1 $19 40. Rg4+ Kh7) 40. Rg4+ $11 Bg7 $2 (40... Kh7 $1 $11 {and Black is okay.} 41. Ng5+ Kh6 42. Nxf7+ Kh7 43. Ng5+ Kg8 44. Nxe6+ Kf7 45. Ng5+ Ke8) 41. Kh2 $1 $18 Rc1 42. Rxg7+ $4 Nxg7 $19 43. Qd4 {[%emt 0:00:02] Qg4 is the strong threat.} Nf5 $4 (43... Nxh5 44. Qg4+ Kf8 45. Qxh5 Ke8 46. Ng5 Qc7 47. Ne4) (43... d1=Q $19 {Hoping for ...Qxd4.} 44. Qg4 Kf8 $1) 44. Qg4+ $18 Kf8 45. h6 $1 {[%emt 0:00:12][%mdl 64] Deflection, Decoy} Nxh6 (45... d1=Q $2 46. h7 Ke8 47. Qg8+ Kd7 48. Qxf7+ Kc6 49. h8=Q $18) 46. Qg7+ Ke8 47. Nxd2 {[%emt 0:00:15] The board is on fire.} Kd7 (47... Ng4+ $2 48. Qxg4 Kd7 49. Qg8 $1 $18) 48. Qxh6 Bc6 {[%emt 0:00:10] [#]} 49. Ne4 $40 {[%emt 0:00:11][%mdl 128] Black needs to defend precisely.} (49. Nf3 $1 $18 Rc3 {[#]} 50. Qf8 $1 Bxf3 51. Bxf3 (51. Qxf7+ Kc8 $11) 51... Rxf3 52. Qd6+ (52. Qxf7+ Kc8 $11) 52... Kc8 53. Qc6+ Qc7 54. Qxf3) 49... Qe1 $14 50. Qf8 Bxe4 $2 (50... Qg1+ $1 $11 51. Kh3 Rc3+ 52. f3 (52. Nxc3 Bxg2+ 53. Kg4 Bd5+ 54. Kh4 Qxf2+ 55. Kh5 Qh2+ 56. Kg4 Qg1+ 57. Kh4 Qf2+ 58. Kh5 Qf5+ 59. Kh4 Qf4+ 60. Kh3 Qf3+ 61. Kh4 Qf4+ 62. Kh3 Qe3+ 63. Kh4 Qf4+ $17) 52... Bxe4 53. Qd6+ (53. Qxf7+ Kc6 $11) 53... Kc8 54. Qf8+ Kc7 55. Qd6+ Kc8 56. Qf8+ Kc7 57. Qd6+ Kc8) 51. Qd8+ $18 Kc6 {[%emt 0:00:02] ( -> ...Qg1+)} 52. Bxe4+ {[%emt 0:00:01] This bishop pair is nice.} Kb5 53. Qb8+ Ka4 54. Qa7+ (54. Bc6+ $18 Ka3 55. Be7+ Ka2 56. Qa8+ Kb2 57. Ba3+ Kc2 58. Be4+ Kc3 59. Bxc1 Qxc1 60. Kg2 (60. Qa5+ Kd4 $16)) 54... Kb3 $11 55. Qb7+ Qb4 {[%emt 0:00:07] aiming for ...Qxb7.} 56. Qxf7 c3 $2 ({Don't play} 56... Qe1 57. Qb7+ Kc3 58. Kg3 $11) (56... Re1 $11 57. Be7 Qb5) 57. Qxe6+ $18 Kb2 58. Qf5 {[%emt 0:00:10] Strongly threatening e6.} Re1 59. Bd3 Qb7 60. e6 {[%emt 0:00:14] Threatens to win with Kg3.} ({Less strong is} 60. Kg3 Rg1+ 61. Kf4 Qg2 $18) 60... Qh1+ (60... Qc6 $142 61. e7 Kb3) 61. Kg3 Qg1+ 62. Kf3 (62. Kh3 $142 Qh1+ 63. Kg3 Qg1+ 64. Kh4 Qh1+ 65. Kg4 Qg2+ 66. Kh5 Rh1+ 67. Bh4) 62... Qh1+ 63. Kg3 {[%emt 0:00:17] White threatens Qb5+ and mate.} Qg1+ $1 64. Kh3 {[%emt 0:00:16] Intending Qb5+ and mate.} Qh1+ 65. Kg4 {[%emt 0:00:01] Threatening mate with Qb5+.} Qg2+ 66. Kh5 Rh1+ 67. Bh4 {[%emt 0:00:00] Qb5+ would kill now.} Qb7 68. Be4 {[%emt 0:00:07] White mates.} Rxh4+ 69. Kxh4 Qe7+ 70. Kg4 Qg7+ 71. Kf3 {[%emt 0:00:03] Both players deserved the win here.  Weighted Error Value: White=0.38/Black=0.50} 1-0

[Event "Superbet Rapid Poland 2022"]
[Site "Warsaw"]
[Date "2022.05.21"]
[Round "8.5"]
[White "Aronian, Levon"]
[Black "Duda, Jan-Krzysztof"]
[Result "0-1"]
[ECO "C28"]
[WhiteElo "2765"]
[BlackElo "2750"]
[Annotator "TA"]
[PlyCount "166"]
[EventDate "2022.05.19"]
[EventType "tourn"]
[EventCountry "POL"]
[SourceTitle "playchess.com"]
[Source "ChessBase"]
[SourceQuality "1"]
[TimeControl "1500+10"]

1. e4 e5 2. Bc4 Nf6 3. d3 Nc6 4. Nc3 Bb4 5. Nf3 d6 6. O-O Na5 {[%emt 0:00:12] C28: Vienna Game: 2...Nf6 3 Bc4 Nc6.} 7. Bb3 Nxb3 8. axb3 O-O {[%emt 0:00:23][%cal Bh8f8,Bf8e8,Be8e4][%mdl 32] The position is equal.} 9. Bg5 c6 {[%emt 0:00:08] [#] Inhibits Nd5.} 10. Kh1 $146 ({Predecessor:} 10. d4 h6 11. Bh4 Re8 12. Ra4 a5 13. dxe5 dxe5 14. Qxd8 Rxd8 15. Nxe5 g5 16. Bg3 {½-½ (25) Tsukanov,I (2013)-Zolochevsky,V (2332) ICCF email 2016}) 10... Re8 11. h3 b5 12. Ne2 h6 13. Bh4 d5 14. d4 exd4 (14... dxe4 {keeps more tension.} 15. Nxe5 Qc7 16. Nc3 Bxc3 17. bxc3 Nd7) 15. Nfxd4 Rxe4 16. Nxc6 {[%emt 0:00:02] Pair of Knights!} Qd6 17. Bxf6 Qxc6 18. Bd4 a5 19. Qd3 Bf8 (19... Bd6 $11) 20. Ng3 (20. Nc3 $14) 20... Re8 $11 21. Rfe1 a4 22. Rxe8 Qxe8 23. b4 Ra6 24. c3 Re6 25. Kg1 Bd6 26. Kf1 Bxg3 (26... Rg6 {feels hotter.} 27. Re1 Re6 28. Ne2 Bb7) 27. fxg3 Re4 28. Qf3 f6 29. Rd1 Be6 30. g4 Bf7 (30... Qc6 {is more complex.} 31. Rd2 Bf7 32. Qg3 Bg6) 31. Qf2 Bg6 32. Rd2 Re6 33. Qg3 Kh7 34. Bf2 Qc6 35. Kg1 Qc4 36. Qf3 {[%emt 0:00:56] Against Re2} d4 37. Rxd4 Qe2 38. Qd5 (38. Rd7 $5 Qxb2 39. Qb7 $11) 38... Re5 39. Rd2 Rxd5 40. Rxe2 $15 {[%emt 0:00:00][%mdl 4096] Endgame KRB-KRB} Rd1+ 41. Kh2 Bd3 {[%emt 0:00:37][%mdl 1024] Black has compensation.} 42. Re7 Bc4 $1 43. Bd4 Kg8 $1 44. h4 (44. Rd7 $11) 44... Rd2 $19 45. g5 $2 (45. Kg3 $17) 45... hxg5 ({Worse is} 45... Rxb2 46. g6 Re2 47. Ra7 $11) 46. hxg5 fxg5 47. Rxg7+ Kf8 48. Ra7 Rxb2 49. Kg3 Ke8 50. Bf6 Bd5 $2 (50... Ra2 $1 $19 {Strongly threatening ...a3.} 51. Kg4 Rxg2+ 52. Kh5 g4 53. Re7+ Kf8) 51. Bxg5 $17 Rxg2+ 52. Kf4 Re2 53. Bf6 Bc4 54. Kf5 Rf2+ 55. Ke5 Rf3 56. Bg5 Rf1 57. Re7+ Kf8 58. Ra7 Ra1 59. Kf6 Ke8 60. Re7+ Kd8 61. Ke5 Rd1 62. Ra7+ Kc8 {[%emt 0:00:01] aiming for ...Kb8.} 63. Be7 $2 (63. Be3 $17 {nothing else works.}) 63... Rd5+ $2 (63... Re1+ $19 64. Kd6 Kb8) 64. Ke4 Kb8 $1 65. Ra5 Rd3 66. Bc5 Rxc3 67. Ba7+ Kb7 {[%emt 0:00:07] White must now prevent ...a3. Black is more active.} 68. Bd4 Rh3 {[%emt 0:00:08] And now ...a3 would win.} 69. Ra7+ {[%emt 0:00:05] [#]} (69. Be3 $17 {is the only way for White.}) 69... Kc6 (69... Kb8 $1 $19 {is more deadly. Threatens to win with ...Rh4+.} 70. Rd7 Kc8) 70. Ra6+ Kb7 $2 (70... Kc7 $17 71. Be3 Rh8 72. Ra7+ Kc6 73. Ra6+ Kb7 74. Rb6+ Kc8) 71. Ra7+ $19 {[%emt 0:00:02] [#]} Kb8 $1 72. Rg7 a3 73. Be5+ Ka8 {[%emt 0:00:08] ...a2 is the strong threat.} 74. Rg3 $2 (74. Rd7) 74... Rh4+ 75. Kf5 a2 76. Kf6 (76. Bc3 {keeps fighting.}) 76... Rh6+ 77. Kg5 (77. Kf5 $142 Ra6 78. Ba1) 77... Rh1 78. Ra3+ Kb7 79. Kf6 (79. Kf5 $142 Rh5+ 80. Kf4) 79... Kc6 80. Kf5 Kd5 {[%emt 0:00:10] ( -> ...Rh5+)} 81. Bf6 Rf1+ {[%emt 0:00:08] Black mates.} 82. Kg5 {[%emt 0:00:00] [#]} Rxf6 $1 83. Kxf6 {[%emt 0:00:03] [#]} Bb3 $1 {[%emt 0:00:01][%mdl 576] Promotion.  Weighted Error Value: White=0.14 (very precise) /Black=0.11 (very precise)} 0-1

[Event "Superbet Rapid Poland 2022"]
[Site "Warsaw"]
[Date "2022.05.21"]
[Round "9.1"]
[White "Duda, Jan-Krzysztof"]
[Black "Korobov, Anton"]
[Result "1-0"]
[ECO "E92"]
[WhiteElo "2750"]
[BlackElo "2671"]
[Annotator "TA"]
[PlyCount "51"]
[EventDate "2022.05.19"]
[EventType "tourn"]
[EventCountry "POL"]
[SourceTitle "playchess.com"]
[Source "ChessBase"]
[SourceQuality "1"]
[TimeControl "1500+10"]

1. d4 Nf6 2. c4 g6 3. Nc3 Bg7 4. e4 d6 5. h3 O-O 6. Be3 e5 7. d5 a5 8. g4 Na6 9. Nf3 Nc5 10. Nd2 c6 11. Be2 a4 {[%emt 0:00:27] E92: King's Indian: Classical: 6 Be2 e5: 7 dxe5, 7 Be3 and Petrosian System without 7...Nbd7.} 12. g5 Ne8 {[%emt 0:02:08] outshines the older 12...Nfd7.} 13. h4 f5 {[%emt 0:00:02] White is slightly better.} 14. h5 {[%emt 0:01:56] [#]} a3 $146 ({Predecessor:} 14... Rf7 15. hxg6 hxg6 16. f3 Bd7 17. b4 axb3 18. axb3 Rxa1 19. Qxa1 Na6 20. Kd1 Nb4 {0-1 (52) Wang,J (2317)-Neef,M (2509) Charlotte 2021}) 15. h6 Bh8 16. Rb1 Nxe4 $2 (16... axb2 $1 $11 17. Rxb2 Rf7) 17. Ndxe4 $18 {[%emt 0:00:12][%cal Oc4c5] aiming for c5!} (17. Ncxe4 $6 cxd5 18. cxd5 axb2 $14) 17... fxe4 {[%emt 0:00:02] [#]} (17... c5 {was worth a try.} 18. Nf6+ Nxf6) 18. b4 (18. c5 $1 $18) 18... Rf4 $2 19. c5 (19. Bxf4 exf4 20. Nxe4 Qe7 $16) 19... Qxg5 20. dxc6 bxc6 (20... Qg2 $2 21. Qd5+ Rf7 {[#]} 22. Bc4 $1 Qxh1+ 23. Kd2 $18) 21. cxd6 (21. Bxf4 exf4 22. Nxe4 Qe7 23. Nxd6 f3 24. Nxc8 (24. Qb3+ $2 Be6 $19) 24... Bc3+ 25. Kf1 fxe2+ 26. Qxe2 Qxe2+ 27. Kxe2 Rxc8 $15) 21... Bd7 (21... Qg2 $2 22. Qb3+ Rf7 23. Kd2 Nxd6 24. Rbg1 $18) (21... Be6 {might work better.} 22. d7 (22. Bxf4 exf4 23. Nxe4 Qe5 $17) 22... Nc7) 22. b5 {[%emt 0:00:55] White is clearly winning.} Qg2 23. Qb3+ Rf7 24. Kd2 Nxd6 25. Rbg1 Qxh1 26. Rxh1 {[%emt 0:00:02] Weighted Error Value: White=0.16 (very precise) /Black=0.90} 1-0

[Event "Superbet Rapid Poland 2022"]
[Site "Warsaw"]
[Date "2022.05.21"]
[Round "9.2"]
[White "Gavrilescu, David"]
[Black "Aronian, Levon"]
[Result "0-1"]
[ECO "C45"]
[WhiteElo "2518"]
[BlackElo "2765"]
[Annotator "TA"]
[PlyCount "100"]
[EventDate "2022.05.19"]
[EventType "tourn"]
[EventCountry "POL"]
[SourceTitle "playchess.com"]
[Source "ChessBase"]
[SourceQuality "1"]
[TimeControl "1500+10"]

1. e4 e5 2. Nf3 Nc6 3. d4 exd4 4. Nxd4 Nf6 5. Nxc6 bxc6 6. Bd3 d6 7. Nc3 Be7 8. O-O O-O 9. f4 a5 {[%emt 0:00:01] C45: Scotch Game.} 10. a4 {[%emt 0:02:16] [#]} Re8 $146 (10... d5 {is interesting.} 11. e5 Ng4 12. Kh1 Bb4) ({Predecessor:} 10... Ba6 11. Bxa6 Rxa6 12. Qd3 Ra8 13. Bd2 Nd7 14. b3 Bf6 15. Rad1 Re8 16. Qc4 c5 17. Ne2 {0-1 (38) Hansen,O-Selfors,W Tromsoe 1999}) 11. Kh1 Bf8 {[%emt 0:00:03] The position is equal.} 12. Be3 (12. e5 {with more complications.} Bg4 13. Qe1 Qd7 14. Bd2) 12... Ba6 (12... Ng4 {looks sharper.} 13. Bd4 Rb8 14. b3 d5) 13. Bxa6 Rxa6 14. Qd3 Ra8 15. Rae1 c5 16. Bf2 c6 17. Bh4 Be7 18. e5 (18. b3 $1 $14) 18... dxe5 $11 19. Qxd8 Bxd8 20. Rxe5 Rxe5 21. fxe5 Ng4 22. Bf2 (22. Bg3 $11 {keeps the balance.}) 22... Nxf2+ $17 23. Rxf2 {[%emt 0:00:02][%mdl 4096] Endgame KRB-KRN} Rb8 24. b3 c4 25. bxc4 Bc7 26. Re2 Kf8 {[%emt 0:00:46][%mdl 1024] Black has strong compensation.} 27. e6 ({White should play} 27. g4 $15) 27... f6 {[%emt 0:00:06] Threatens to win with ...Be5.} 28. g3 Ke7 29. Rd2 {[%emt 0:00:08] [#] Rd7+ is the strong threat.} Rd8 {[%emt 0:01:14] Inhibits Rd7+.} (29... Kxe6 $17 {aiming for ...Rb4.} 30. Ne4 Rb4 31. Nc5+ Kf5) 30. Re2 (30. Rd3 $15) 30... f5 (30... Rd4 $17 31. Re4 Rd8) 31. Kg2 $2 {[%emt 0:01:13] Loses the game.} (31. Re3 $1 $15) 31... Rd4 $19 32. c5 Rc4 33. Re3 Rxc5 34. Kf3 Rc4 35. Ne2 g6 (35... Rxc2 36. Nd4 Rc5 37. Rb3 $17) ({Worse is} 35... Rxa4 36. Rc3) 36. c3 Bb6 ({Weaker is} 36... Rxa4 37. Nd4 $19) 37. Rd3 Kxe6 ({Don't go for} 37... Rxa4 $2 38. Nf4 $19) 38. Rd1 Rxa4 39. Nf4+ Ke7 40. Re1+ Kd7 41. Rd1+ Kc8 42. Rb1 Bc7 43. Ne2 Be5 44. Ke3 h5 45. Rb6 Kc7 46. Rb1 h4 47. gxh4 Rxh4 {[%emt 0:00:08] Black is clearly winning.} 48. Rg1 Rh3+ 49. Kd2 f4 50. Rxg6 Rxh2 {[%emt 0:00:03] Weighted Error Value: White=0.28 (precise) /Black=0.09 (flawless)} 0-1